 Dungeon Crawl Stone Soup version 0.30-a0-576-g89cddaab80 (webtiles) character file.

Game seed: 13704002278219625112

4491 bobo the Thaumaturge (level 10, -2/56 HPs)
             Began as a Deep Elf Fire Elementalist on Dec 30, 2022.
             Was a Follower of Vehumet.
             Slain by a hornet (9 damage)
             ... on level 8 of the Dungeon.
             The game lasted 00:28:15 (8038 turns).

bobo the Thaumaturge (Deep Elf Fire Elementalist)   Turns: 8038, Time: 00:28:16

Health: -2/56      AC:  2    Str:  5    XL:     10   Next: 16%
Magic:  12/25      EV: 19    Int: 25    God:    Vehumet [*.....]
Gold:   485        SH:  5    Dex: 15    Spells: 9/28 levels left

rFire   + . .      SeeInvis .    A - +3 rapier
rCold   . . .      Faith    .    e - +0 buckler
rNeg    . . .      Spirit   .    a - +0 robe
rPois   .          Reflect  .    (no helmet)
rElec   .          Harm     .    (no cloak)
rCorr   .          Rampage  .    (no gloves)
Will    +....                    (no boots)
Stlth   ++                       (no amulet)
HPRegen 0.29/turn                n - ring of protection from fire
MPRegen 0.19/turn                p - +5 ring of evasion

@: slowed, very slow
A: no striking features
a: Renounce Religion


You were on level 8 of the Dungeon.
You worshipped Vehumet.
Vehumet was aware of your devotion.
You visited 2 branches of the dungeon, and saw 9 of its levels.
You also visited: Ossuary and Bailey.

You collected 485 gold pieces.

Inventory:

Hand Weapons
 A - a +3 rapier (weapon)
 D - a +2 longbow of flaming
 F - a +4 scimitar of flaming
Armour
 a - a +0 robe (worn)
 e - a +0 buckler (worn)
Jewellery
 n - a ring of protection from fire (left hand)
 p - a +5 ring of evasion (right hand)
Wands
 B - a wand of paralysis (8)
 E - a wand of iceblast (5)
Scrolls
 g - a scroll of magic mapping
 h - 3 scrolls of immolation
 j - 2 scrolls of blinking
 k - a scroll of fear
 l - a scroll of poison {unknown}
 s - a scroll of teleportation
 u - a scroll of summoning {unknown}
 v - a scroll of acquirement {unknown}
 w - a scroll of silence {unknown}
 y - 2 scrolls of fog {unknown}
 z - a scroll of torment {unknown}
 C - 2 scrolls of vulnerability {unknown}
Potions
 b - a potion of magic
 c - a potion of haste {unknown}
 d - 4 potions of brilliance
 f - 3 potions of flight
 i - 3 potions of cancellation {unknown}
 m - 5 potions of curing
 o - a potion of berserk rage {unknown}
 q - 5 potions of heal wounds {unknown}
 r - 4 potions of degeneration {unknown}
 t - a potion of ambrosia {unknown}
 x - 2 potions of lignification {unknown}


   Skills:
 + Level 4.0 Fighting
 + Level 6.5 Dodging
 - Level 2.4 Stealth
 + Level 4.0 Shields
 - Level 9.5 Spellcasting
 - Level 7.2 Conjurations
 - Level 2.5 Hexes
 - Level 8.3 Fire Magic


You had 9 spell levels left.
You knew the following spells:

 Your Spells              Type           Power      Damage    Failure   Level
a - Scorch                Fire           100%       2d10      1%          2
b - Yara's Violent Unrav  Hex/Tmut       9%         3d6       71%         5
c - Cause Fear            Hex            12%        N/A       22%         4
d - Inner Flame           Hex/Fire       39%        N/A       1%          3
p - Foxfire               Conj/Fire      100%       2x1d9     1%          1
x - Flame Wave            Conj/Fire      50%        2d12      2%          4

Your spell library contained the following spells:

 Spells                   Type           Power      Damage    Failure   Level
 Magic Dart               Conj           100%       1d8       1%          1
 Kindle Blastsparks       Fire/Tloc/Air  50%        2d14      6%          3
 Cigotuvi's Dreadful Rot  Necr/Pois/Air  22%        N/A       10%         2
 Dispel Undead            Necr           11%        3d9       54%         4
 Death Channel            Necr           5%         N/A       100%        6
 Enfeeble                 Hex            12%        N/A       100%        7
 Discord                  Hex            12%        N/A       100%        8


Dungeon Overview and Level Annotations

Branches:
Dungeon (8/15)             Temple (1/1) D:4         Ossuary (visited)
 Bailey (visited)
   Lair: D:8-11

Altars:
Ashenzari
Cheibriados
Dithmenos
Elyvilon
Fedhas
Gozag
Hepliaklqana
Kikubaaqudgha
Makhleb
Nemelex Xobeh
Okawaru
Qazlal
Ru
Sif Muna
Trog
Uskayaw
Vehumet
Wu Jian
Xom
Yredelemnul
Zin
The Shining One

Annotations:
D:8 Joseph


Message History

Your surroundings suddenly seem different.
A wyvern and a hornet come into view.
Found a scroll of identify.
The wyvern hisses angrily.
The hornet buzzes angrily.
Casting: Scorch (safe; 1% risk of failure)
Confirm with . or Enter, or press ? or * to list all spells.
Flames lash the wyvern.
The wyvern is moderately wounded.
The wyvern's fire resistance burns away.
Casting: Scorch (safe; 1% risk of failure)
Confirm with . or Enter, or press ? or * to list all spells.
Casting: Flame Wave (dangerous; 2% risk of failure)
Press: ? - help, Dir - look around, f - activate A wave of flame ripples out!
The flame wave engulfs the hornet.
The hornet is lightly wounded. (Press . to intensify the flame waves.)
You hear a croak.
The hornet closely misses you.
A wave of flame ripples out!
The flame wave engulfs the wyvern!
The wyvern is burned terribly!
The wyvern is severely wounded.
The flame wave engulfs the hornet but does no damage.
The hornet is lightly wounded.
You hear a croak.
The wyvern bites you.
* * * LOW HITPOINT WARNING * * *
You block the hornet's attack. The wyvern completely misses you.
The hornet stings you!
* * * LOW HITPOINT WARNING * * *
You feel yourself slow down.
A wave of flame ripples out!
The flame wave engulfs the wyvern!
The wyvern is burned terribly!
You kill the wyvern!
Vehumet accepts your kill.
You feel your power returning.
The flame wave engulfs the hornet!
The hornet is heavily wounded.
You finish channelling waves of flame.
You hear a shout! x3
The hornet stings you!
You die...

...#.########
...'...@.....
~~.#..##.....
#. #..... ###
# #..... ..
#..... #.
###### #.##
#.@# #
##†y.?..# .
#......# ...
.......# .#
.......+ .
#.......# #
#.####### #
#. # .## #


You could see a hornet.

Vanquished Creatures
  Erica (D:8)
  Grinder (D:4)
  A wyvern (D:8)
  2 humans (Bailey)
  A steam dragon (D:5)
  A water moccasin (D:7)
  Duvessa (D:4)
  4 black bears
  A sky beast (D:7)
  3 orc warriors
  An ogre (D:5)
  2 centaurs
  2 phantoms
  8 bullfrogs (Bailey)
  2 scorpions
  2 gnoll sergeants (D:5)
  3 wights (D:6)
  Dowan (D:4)
  2 howler monkeys (D:7)
  2 jellies (D:5)
  A gnoll bouda (D:8)
  3 orc priests
  2 hounds (D:5)
  4 iguanas
  8 orc wizards
  2 mummies (Ossuary)
  16 gnolls
  8 adders
  4 white imps
  An ufetubus (D:5)
  10 adder zombies (Ossuary)
  2 worms (D:2)
  3 dart slugs
  23 orcs
  6 ball pythons
  2 endoplasms
  4 giant cockroaches
  4 gnoll zombies (Ossuary)
  9 goblins
  8 hobgoblins
  4 jackals (D:4)
  3 quokkas
  6 bats
  4 frilled lizards
  7 hobgoblin zombies (Ossuary)
  2 kobolds
  3 kobold zombies (Ossuary)
  2 orc zombies (Ossuary)
  5 rats
197 creatures vanquished.

Vanquished Creatures (others)
  503 foxfires
503 creatures vanquished.

Grand Total: 700 creatures vanquished

Notes
Turn   | Place    | Note
-------+----------+-------------------------------------------
     0 | D:1      | bobo the Deep Elf Fire Elementalist began the quest for the
                  | Orb.
     0 | D:1      | Reached XP level 1. HP: 10/10 MP: 6/6
   442 | D:1      | Reached XP level 2. HP: 15/15 MP: 5/8
   445 | D:1      | Learned a level 2 spell: Scorch
  1277 | D:2      | Reached XP level 3. HP: 19/19 MP: 7/10
  1622 | D:2      | Identified the +5 chain mail of Fizisoom {rN+}
  1770 | D:2      | Reached skill level 4 in Spellcasting
  1890 | D:3      | Reached XP level 4. HP: 24/24 MP: 1/12
  1918 | D:2      | Learned a level 3 spell: Inner Flame
  1923 | D:2      | Learned a level 4 spell: Flame Wave
  2532 | D:3      | Reached skill level 1 in Hexes
  2532 | D:3      | Reached XP level 5. HP: 28/28 MP: 4/14
  2840 | D:4      | Found a white marble altar of Elyvilon.
  2854 | D:4      | Found a staircase to the Ecumenical Temple.
  2921 | D:4      | Reached skill level 5 in Spellcasting
  2922 | D:4      | Found a sand-covered staircase.
  2930 | Ossuary  | Entered an ossuary
  3220 | Ossuary  | Reached skill level 5 in Fire Magic
  3383 | Ossuary  | Reached XP level 6. HP: 32/32 MP: 4/16
  3750 | D:4      | Noticed Grinder
  3758 | D:4      | Killed Grinder
  3759 | D:4      | Reached skill level 6 in Spellcasting
  4219 | D:4      | Reached XP level 7. HP: 36/36 MP: 13/18
  4271 | D:4      | Noticed Duvessa
  4271 | D:4      | Noticed Dowan
  4296 | D:4      | Killed Dowan
  4305 | D:4      | Killed Duvessa
  4336 | D:5      | Entered Level 5 of the Dungeon
  4427 | D:5      | Reached skill level 7 in Spellcasting
  4471 | Temple   | Entered the Ecumenical Temple
  4633 | D:5      | Reached skill level 5 in Conjurations
  4655 | D:5      | Reached XP level 8. HP: 41/41 MP: 11/21
  5092 | D:5      | Reached skill level 8 in Spellcasting
  5422 | D:5      | Reached skill level 9 in Spellcasting
  5826 | D:6      | Reached XP level 9. HP: 40/45 MP: 20/24
  6429 | D:6      | Found a radiant altar of Vehumet.
  6478 | D:6      | Reached skill level 1 in Fighting
  6478 | D:6      | Reached skill level 1 in Shields
  6491 | D:6      | Became a worshipper of Vehumet
  6745 | D:7      | Found a broken altar of Ashenzari.
  6745 | D:7      | Found a snail-covered altar of Cheibriados.
  6746 | D:7      | Found a blossoming altar of Fedhas.
  7213 | D:7      | Learned a level 4 spell: Cause Fear
  7216 | D:8      | Noticed Erica
  7225 | D:8      | Killed Erica
  7226 | D:8      | Reached skill level 5 in Dodging
  7437 | D:8      | Found a flagged portal.
  7457 | Bailey   | Entered a bailey
  7541 | Bailey   | Learned a level 5 spell: Yara's Violent Unravelling
  7586 | Bailey   | Reached * piety under Vehumet
  7586 | Bailey   | Offered knowledge of Magic Dart by Vehumet.
  7606 | Bailey   | Reached XP level 10. HP: 24/56 MP: 12/25
  7753 | Bailey   | Noticed a vault guard
  7841 | Bailey   | Noticed Prince Ribbit
  8026 | D:8      | Noticed Joseph
  8038 | D:8      | Slain by a hornet

Illustrated notes

Levels and vault maps discovered:
D:1:      evilmike_arrival_crescent, layout_rooms, chequers_mini_garden,
          minmay_misc_feat_plants, minivault_23, amethyst_killhole, hex_tiny
D:2:      layout_basic
D:3:      layout_loops_ring, kennysheep_generic_room_14
D:4:      layout_gridville, kennysheep_mini, minmay_temple_entry_mini_moons,
          chequers_ossuary_entry_cave, uniq_duvessa, uniq_grinder
D:5:      cheibrodos_barr_body, layout_loops_ring, nrook_mini_backslash
D:6:      layout_loops_cross, vehumet_crystals
D:7:      layout_basic, gammafunk_temple_overflow_forgotten
D:8:      layout_basic, enter_bailey_3, uniq_joseph, uniq_maurice, uniq_erica
Temple:   sentei_temple_godly_chess

Skill      XL: |  1  2  3  4  5  6  7  8  9 10 |
---------------+-------------------------------+-----
Conjurations   | 2 3 4 5 7 |  7.2
Spellcasting   | 4 5 6 7 9 |  9.5
Fire Magic     | 4 5 6 8 |  8.3
Hexes          | 1 2 |  2.5
Dodging        | 6 |  6.5
Fighting       | 3 4 |  4.0
Shields        | 3 4 |  4.0
Stealth        | |  2.4

Action                   |  1- 3 |  4- 6 |  7- 9 | 10-12 || total
-------------------------+-------+-------+-------+-------++-------
Melee: Spear             |     2 |    12 |       |       ||    14
       Rapier            |       |       |     3 |     1 ||     4
 Fire: Longbow           |       |       |     4 |       ||     4
 Cast: Foxfire           |    84 |    45 |   140 |    24 ||   293
       Scorch            |     5 |    33 |    70 |    17 ||   125
       Inner Flame       |       |     7 |    14 |     3 ||    24
       Flame Wave        |       |     4 |     3 |     1 ||     8
  Use: Scroll            |       |     5 |     2 |     2 ||     9
       Potion            |       |       |     2 |       ||     2
Armor: Robe              |       |     2 |     1 |       ||     3
Dodge: Dodged            |       |    20 |    20 |     6 ||    46
Block: Buckler           |       |       |     3 |     2 ||     5

Table legend: (Time is in decaauts)
 A = Elapsed time spent in this place.
 B = Non-inter-level travel time spent in this place.
 C = Inter-level travel time spent in this place.
 D = Time resting spent in this place.
 E = Time spent auto-exploring this place.
 F = Levels seen in this place.
 G = Mean time per level.
                   A        B        C        D        E       F      G
               +--------+--------+--------+--------+--------+-----+--------+
         Total |   8041 |   7785 |    256 |   1440 |   5070 |  11 |  731.0 |
       Dungeon |   6905 |   6649 |    256 |    689 |   4987 |   8 |  863.1 |
        Temple |     87 |     87 |      0 |      0 |     82 |   1 |   87.0 |
       Ossuary |    627 |    627 |      0 |    482 |      0 |   1 |  627.0 |
        Bailey |    420 |    420 |      0 |    269 |      1 |   1 |  420.0 |
               +--------+--------+--------+--------+--------+-----+--------+

Top non-repeatable levels by time:
     D:2: 1098 daAuts
     D:5: 1068 daAuts
     D:4: 1065 daAuts
     D:6: 1053 daAuts
     D:3: 945 daAuts
     D:1: 784 daAuts
 Ossuary: 627 daAuts
     D:7: 484 daAuts
  Bailey: 420 daAuts
     D:8: 405 daAuts
  Temple: 87 daAuts
